 Dungeon Sprint DCSS version 0.16-a0-3061-g1c4ddba (webtiles) character file.

900000 BluebellGnoll the Portalist (level 11, -9/60 HPs)
             Began as a Spriggan Warper on Dec 10, 2014.
             Was an Initiate of Makhleb.
             Mangled by a bag of meat
             ... wielding a +9 war axe
              (34 damage)
             ... in the Dungeon (Sprint VIII: "Arena of Blood").
             The game lasted 00:00:26 (9 turns).

BluebellGnoll the Portalist (Spriggan Warper)          Turns: 9, Time: 00:00:26

Health: -9/60      AC:  2    Str:  7    XL:     11   Next: 37%
Magic:  4/35       EV: 30    Int: 16    God:    Makhleb [......]
Gold:   0          SH:  0    Dex: 18    Spells: 1 memorised, 36 levels left

rFire  . . .     SeeInvis +     l - +∞ Axe of Woe
rCold  . . .     Clarity  .     b - +0 robe
rNeg   . . .     SustAb   .     (shield restricted)
rPois  .         Gourm    .     (helmet restricted)
rElec  .         Spirit   .     (no cloak)
rCorr  .         Warding  .     (gloves unavailable)
rMut   .         NoTele   +     (boots unavailable)
MR     +....                    (no amulet)
Stlth  ++........               (no ring)
                                (no ring)

@: very quick, somewhat resistant to hostile enchantments, unstealthy
A: unfitting armour, see invisible, herbivore 3, speed 3, slow metabolism 2
a: Renounce Religion


You were in the Dungeon.
You worshipped Makhleb.
Makhleb was noncommittal.
You were not hungry.

You visited 1 branch

Inventory:

Hand weapons
 a - a +0 short sword
 l - the +∞ Axe of Woe (weapon)
   (You found it in the Dungeon)
Missiles
 e - 5 tomahawks of dispersal (quivered)
Armour
 b - a +0 robe (worn)
Scrolls
 d - 2 scrolls of blinking
Potions
 g - a potion of curing
 h - a potion of heal wounds
 i - a potion of haste
 j - 2 potions of magic
 k - a potion of berserk rage
Books
 c - a book of Spatial Translocations

   Spells                             Type                      Level
   a - Apportation                    Translocation                1
   b - Blink                          Translocation                2
   c - Shroud of Golubria             Charms/Translocation         2
   d - Portal Projectile              Translocation                3
   e - Teleport Other                 Translocation                3
   f - Passage of Golubria            Translocation                4
Comestibles
 f - a bread ration


   Skills:
 + Level 8.3 Fighting
 + Level 10.8 Short Blades
 + Level 4.3 Throwing
 + Level 2.9 Armour
 + Level 13.3 Dodging
 + Level 13.7 Spellcasting
 + Level 24.4 Translocations


You had 36 spell levels left.
You knew the following spells:

 Your Spells              Type           Power        Failure   Level  Hunger
a - Apportation           Tloc           ######....   0%          1    None


Dungeon Overview and Level Annotations

Branches:
Dungeon (1/1)

Altars:
Makhleb


Innate Abilities, Weirdness & Mutations

You are tiny and cannot use many weapons and most armour.
You have supernaturally acute eyesight.
You are a herbivore.
You cover ground extremely quickly.
You need consume almost no food.


Message History

You feel agile.
You have reached level 7!
You have reached level 8!
You have reached level 9!
Your experience leads to an increase in your attributes!
Increase (S)trength, (I)ntelligence, or (D)exterity?
You feel agile.
You have reached level 10!
You feel clever.
You have reached level 11!
You hear a shout! x6
The meat berserker appears out of thin air!
A meat berserker comes into view. It is wielding a +9 battleaxe.
You hear a shout! x5
The bag of meat appears out of thin air!
A bag of meat comes into view. It is wielding a +9 war axe.
You hear a shout!
The bag of meat hits you with a +9 war axe!!
Ouch! That really hurt!
You die...

....... .......o . .
......... ...
#.......# .#...
#.......#
....o###o... ..###.
..........###.......
...#..oo...._........
#......@#.....#.....
.......).#_.<._# .
#...Oo..#.....#
..#..o....._.....
..........###......
...o###..O ..###. ...
#... ..# .. #... ..#
.... ..


You could see a meat berserker (berserk) and 7 bags of meat.

Vanquished Creatures
  An orc (D)
1 creature vanquished.

Notes
Turn   | Place    | Note
--------------------------------------------------------------
     0 | D        | BluebellGnoll, the Spriggan Warper, began the quest for the Orb.
     0 | D        | Reached XP level 1. HP: 10/10 MP: 4/4
     4 | D        | Became a worshipper of Makhleb the Destroyer
     6 | D        | Noticed a bag of meat
     6 | D        | Noticed a bag of meat
     7 | D        | Noticed a meat berserker
     7 | D        | Noticed a bag of meat
     7 | D        | Noticed a bag of meat
     8 | D        | Noticed a bag of meat
     8 | D        | Noticed a bag of meat
     8 | D        | Noticed a bag of meat
     8 | D        | Noticed a bag of meat
     8 | D        | Noticed a bag of meat
     9 | D        | Killed a bag of meat
     9 | D        | Reached skill level 8 in Fighting
     9 | D        | Reached skill level 10 in Short Blades
     9 | D        | Reached skill level 13 in Dodging
     9 | D        | Reached skill level 24 in Translocations
     9 | D        | Reached XP level 2. HP: 12/22 MP: 4/20
     9 | D        | Reached XP level 3. HP: 13/25 MP: 4/23
     9 | D        | Reached XP level 4. HP: 15/30 MP: 4/25
     9 | D        | Reached XP level 5. HP: 17/34 MP: 4/27
     9 | D        | Reached XP level 6. HP: 19/39 MP: 4/29
     9 | D        | Reached XP level 7. HP: 20/43 MP: 4/30
     9 | D        | Reached XP level 8. HP: 21/47 MP: 4/31
     9 | D        | Reached XP level 9. HP: 22/51 MP: 4/32
     9 | D        | Reached XP level 10. HP: 24/56 MP: 4/34
     9 | D        | Reached XP level 11. HP: 25/60 MP: 4/35
     9 | D        | Mangled by a bag of meat

Action                   |  1- 3 |  4- 6 |  7- 9 | 10-12 || total
-------------------------+-------+-------+-------+-------++-------
Melee: Broad axe         |     1 |       |       |       ||     1
